Map: Acropolis LE

Players

Smeeeger - Winner!

  • Race: Zerg Zerg
  • League: Platinum
  • Spawn Location: 11:00

QuickBen

  • Race: Terran Terran
  • League: Platinum
  • Spawn Location: 5:00

VOD

Have the link to the VOD?

Description

Time

  • Played on: July 12, 2019, 1:32 p.m.
  • Length: 11:57
Show
View Real Time Build Order
Export as new Build Order

Smeeeger Zerg - Winner!

Build Orders: Hatch First 

Get SALT Encoding   

  12  0:01  Drone  
  13  0:13  Overlord  
  13  0:19  Drone  
  14  0:31  Drone x2  
  16  0:50  Hatchery  
  16  0:52  Drone  
  16  0:56  Drone  
  17  1:01  Drone  
  18  1:10  Extractor  
  17  1:15  Spawning Pool  
  16  1:18  Drone  
  17  1:32  Drone x2  
  19  1:40  Overlord  
  19  2:02  Queen x2  
  19  2:03  Zergling x6  
  26  2:11  Drone  
  27  2:21  Drone  
  28  2:23  Metabolic Boost  
  29  2:37  Drone x4  
  32  2:55  Drone x3  
  35  3:04  Drone, Roach Warren  
  35  3:06  Drone  
  35  3:07  Evolution Chamber  
  35  3:23  Drone  
  35  3:26  Overlord  
  35  3:27  Overlord  
  36  3:45  Roach x5  
  36  3:46  Roach  
  48  3:54  Drone  
  49  3:56  Drone x3  
  49  4:01  Hatchery  
  51  4:06  Drone  
  51  4:08  Zerg Missile Weapons Level 1  
  52  4:11  Spore Crawler  
  52  4:13  Spore Crawler, Queen  
  52  4:21  Overlord x2  
  52  4:32  Overlord  
  52  4:37  Extractor  
  51  4:39  Drone x3, Queen, Extractor  
  51  4:40  Drone  
  51  4:41  Drone x3  
  51  4:42  Drone  
  58  5:01  Drone  
  58  5:03  Roach x3  
  58  5:04  Roach x3  
  71  5:11  Overlord x2  
  71  5:17  Lair  
  71  5:25  Roach x2  
  73  5:43  Roach x4  
  73  5:44  Roach  
  81  5:55  Drone x2  
  81  5:56  Roach  
  81  5:57  Roach x2  
  79  5:59  Spore Crawler  
  79  6:00  Spore Crawler, Queen  
  79  6:01  Queen  
  83  6:09  Overlord x2  
  83  6:12  Ravager  
  83  6:17  Drone x2  
  86  6:18  Overlord  
  86  6:20  Drone  
  86  6:21  Drone x2  
  86  6:23  Overlord  
  89  6:37  Drone  
  89  6:38  Drone x3  
  89  6:39  Roach x3  
  99  6:44  Hydralisk Den  
  99  6:45  Drone  
  99  6:46  Evolution Chamber  
  97  7:00  Drone x3  
  97  7:01  Drone x3  
  103  7:09  Overseer, Pneumatized Carapace  
  91  7:36  Drone x2  
  89  7:37  Hydralisk x5  
  89  7:38  Hydralisk x2, Extractor  
  89  7:39  Extractor  
  92  7:55  Zerg Ground Armor Level 1  
  92  7:57  Extractor  
  87  8:03  Drone x3  
  87  8:04  Drone x3  
  87  8:05  Overlord  
  93  8:08  Hydralisk x2  
  95  8:18  Drone x2  
  95  8:19  Drone  
  96  8:20  Zergling x10  
  96  8:23  Queen  
  96  8:25  Drone x3  
  96  8:26  Overlord  
  102  8:27  Overseer  
  100  8:34  Grooved Spines  
  100  8:37  Hydralisk x2  
  102  8:51  Hydralisk  
  102  8:52  Hydralisk x4  
  102  8:53  Hatchery  
  111  8:59  Infestation Pit  
  111  9:01  Zergling x6  
  113  9:07  Zerg Missile Weapons Level 2  
  113  9:15  Hydralisk x2  
  117  9:17  Spore Crawler  
  117  9:19  Baneling Nest, Overlord  
  117  9:21  Overlord x2  
  117  9:22  Overlord  
  115  9:42  Hydralisk x4  
  115  9:43  Hydralisk x5  
  133  9:46  Muscular Augments  
  133  9:47  Spore Crawler  
  132  10:05  Hive  
  132  10:09  Spire  
  132  10:11  Drone x2  
  132  10:12  Drone x5  
  138  10:19  Zergling x8  
  138  10:20  Zergling x8  
  146  10:24  Centrifical Hooks  
  146  10:28  Drone x4  
  149  10:32  Spine Crawler x2  
  148  10:35  Spine Crawler x2  
  148  10:39  Spine Crawler  
  148  10:42  Spore Crawler  
  144  10:44  Spine Crawler  
  144  10:45  Spine Crawler  
  144  10:49  Overlord x4  
  133  11:15  Zergling x16  
  133  11:16  Zergling x16  
Show
View Real Time Build Order
Export as new Build Order

QuickBen Terran 

Build Orders: Hellion Banshee 

Get SALT Encoding   

  12  0:01  SCV  
  13  0:14  Supply Depot  
  13  0:18  SCV  
  14  0:30  SCV  
  15  0:37  Barracks  
  15  0:42  Refinery  
  15  0:45  SCV  
  16  0:57  SCV  
  17  1:09  SCV  
  18  1:22  SCV  
  18  1:25  Refinery, Reaper  
  20  1:27  Supply Depot  
  20  1:34  SCV  
  21  1:46  SCV  
  22  1:57  Factory  
  22  2:00  SCV  
  23  2:13  Barracks Reactor, Orbital Command  
  23  2:26  Command Center  
  23  2:44  SCV  
  23  2:46  Factory Reactor  
  23  2:48  Starport  
  23  2:50  Marine x2  
  26  2:59  Supply Depot  
  26  3:10  SCV  
  27  3:26  Hellion x2  
  31  3:29  Starport Tech Lab  
  31  3:33  Marine x2  
  33  3:46  Factory  
  33  3:50  Hellion  
  33  3:51  Hellion  
  37  3:59  Engineering Bay  
  37  4:02  SCV  
  38  4:12  Banshee  
  41  4:18  SCV x2  
  43  4:29  Hellion x2  
  47  4:32  Factory Tech Lab  
  47  4:37  SCV x2  
  49  4:39  Barracks  
  47  4:59  Banshee  
  50  5:01  Siege Tank  
  50  5:07  Armory  
  53  5:08  Supply Depot, Terran Infantry Weapons Level 1  
  53  5:09  SCV  
  54  5:15  Refinery  
  54  5:17  Orbital Command  
  54  5:30  SCV  
  54  5:46  SCV x2  
  56  5:52  Marine  
  56  5:53  Marine  
  56  5:56  Banshee  
  61  5:58  SCV  
  62  6:15  Supply Depot  
  62  6:18  Terran Vehicle Weapons Level 1  
  62  6:20  Supply Depot  
  62  6:34  Supply Depot  
  62  6:37  SCV x2  
  64  6:45  Siege Tank  
  67  6:49  SCV x2  
  69  6:56  Supply Depot  
  70  7:01  SCV x2  
  71  7:13  SCV x2  
  70  7:25  SCV x2  
  61  7:34  Marine  
  61  7:35  Marine  
  54  7:49  Banshee, Siege Tank  
  57  7:52  Marine x2  
  57  7:56  Supply Depot  
  59  7:59  Hellion x2, Barracks Tech Lab  
  59  8:02  Barracks  
  62  8:20  Command Center  
  62  8:25  Siege Tank  
  62  8:26  Hellion x2  
  69  8:33  Supply Depot  
  67  8:43  Terran Infantry Weapons Level 2  
  67  8:45  Terran Vehicle Weapons Level 2  
  67  8:47  Hellion x2  
  71  8:50  SCV x2  
  71  8:53  Stimpack, Barracks Reactor  
  73  9:00  Missile Turret  
  73  9:02  Medivac  
  75  9:06  Starport  
  75  9:18  Hellion x2  
  75  9:20  Marine x3  
  75  9:24  Missile Turret  
  82  9:33  SCV x2  
  82  9:38  Marine x2  
  86  9:43  Marine x3  
  86  9:45  SCV x2  
  91  9:56  Marine  
  91  9:57  SCV x2  
  94  10:01  Marine x2  
  94  10:05  Medivac  
  94  10:06  Starport Reactor  
  98  10:09  SCV  
  99  10:16  Refinery  
  99  10:19  Supply Depot  
  99  10:24  Planetary Fortress  
  99  10:26  Missile Turret  
  99  10:27  SCV x2  
  101  10:40  Supply Depot, Marine x3  
  101  10:41  Supply Depot, Siege Tank, SCV x2  
  109  11:01  Marine x3  
  109  11:02  Marine x2, Medivac x2, SCV  
  109  11:03  Supply Depot, Hellbat x2, SCV  
  124  11:04  Supply Depot x2  
  111  11:19  SCV  
  111  11:20  Marine  
  111  11:23  Marine  
  111  11:25  SCV  
  110  11:27  Supply Depot  
  110  11:31  SCV  
Tags
 
Composition
Hellion Banshee
Matchup
TvZ
Replay Pack
SC2 replays
Spawn Locations
Cross Positions
Add a new tag
Caveats
  • Supply blocks, unpowered buildings, or Contaminate may cause inaccurate times.
  • Supply counts are checked every 10 seconds.